 Dungeon Crawl Stone Soup version 0.28-a0-1212-gc6b4282bc0 (webtiles) character file.

Game seed: 5000279776191007874

69 ChaosChampion the Magician (level 4, -1/24 HPs)
             Began as a Deep Elf Conjurer on Dec 21, 2021.
             Killed from afar by an orc wizard (4 damage)
             ... with a magic dart
             ... on level 3 of the Dungeon.
             The game lasted 00:01:18 (2702 turns).

ChaosChampion the Magician (Deep Elf Conjurer)      Turns: 2702, Time: 00:01:18

Health: -1/24      AC:  3    Str:  4    XL:     4   Next: 2%
Magic:  0/13       EV: 13    Int: 25    God:
Gold:   139        SH:  0    Dex: 19    Spells: 10/13 levels left

rFire   . . .      SeeInvis .   l - staff of cold
rCold   + . .      Faith    .   (no shield)
rNeg    . . .      Spirit   .   a - +0 robe
rPois   .          Reflect  .   (no helmet)
rElec   .          Harm     .   (no cloak)
rCorr   .          Rampage  .   (no gloves)
Will    .....                   o - +0 pair of boots
Stlth   ++........              (no amulet)
HPRegen 0.08/turn               i - +6 ring of dexterity
MPRegen 0.13/turn               (no ring)

@: no status effects
A: no striking features
a: no special abilities


You were on level 3 of the Dungeon.
You visited 1 branch of the dungeon, and saw 3 of its levels.

You collected 139 gold pieces.

Inventory:

Armour
 a - a +0 robe (worn)
 o - a +0 pair of boots (worn)
Magical Staves
 l - a staff of cold (weapon)
Jewellery
 i - a +6 ring of dexterity (left hand)
Scrolls
 b - 2 scrolls of enchant weapon {unknown}
 c - 2 scrolls of immolation {unknown}
 e - a scroll of fear {unknown}
 g - a scroll of noise {unknown}
 h - a scroll of brand weapon {unknown}
 j - a scroll of teleportation {unknown}
 n - a scroll of identify {unknown}
 p - a scroll of magic mapping {unknown}
Potions
 d - 2 potions of heal wounds {unknown}
 f - 2 potions of mutation {unknown}
 k - a potion of ambrosia {unknown}
 m - a potion of resistance {unknown}


   Skills:
 - Level 2.4 Dodging
 - Level 2.4 Stealth
 * Level 5.2 Spellcasting
 + Level 5.0 Conjurations


You had 10 spell levels left.
You knew the following spells:

 Your Spells              Type           Power      Damage    Failure   Level
a - Magic Dart            Conj           100%       1d8       1%          1
b - Searing Ray           Conj           62%        2d6       1%          2

Your spell library contained the following spells:

 Spells                   Type           Power      Damage    Failure   Level
 Dazzling Flash           Conj/Hex       38%        N/A       9%          3
 Sublimation of Blood     Necr           6%         N/A       12%         2
 Fulminant Prism          Conj/Hex       9%         3d7       28%         4
 Iskenderun's Mystic Bla  Conj/Tloc      19%        2d6       28%         4
 Petrify                  Tmut/Erth      6%         N/A       63%         4
 Irradiate                Conj/Tmut      9%         3d16      63%         5


Dungeon Overview and Level Annotations

Branches:
Dungeon (3/15)

Altars:
Okawaru


Message History

The searing ray hits something.
The searing ray hits the orc!
You kill the orc! (Press . to maintain the ray.)
You have reached level 4!
You feel clever. Something hits you. Something hits you.
You hear some strange, mumbled words.
A magic dart appears from out of thin air!
The magic dart hits you.
There is a strange disturbance nearby!
You hit something. Something hits you.
You closely miss something.
You hear some strange, mumbled words.
You are confused.
You miss something. Something hits you.
You miss something. Something hits you. x2
You bump into the rock wall.
Something hits you but does no damage.
You bump into the rock wall.
You feel less confused. Something hits you.
Casting: Searing Ray (safe; 1% risk of failure)
Confirm with . or Enter, or press ? or * to list all spells.
You can't see any susceptible monsters within range! (Use Z to cast anyway.)
Casting: Searing Ray (safe; 1% risk of failure)
Confirm with . or Enter, or press ? or * to list all spells.
Aiming: Searing Ray (safe; 1% risk of failure)
Press: ? - help, Shift-Dir - straight line (Press . to maintain the ray.)
Something barely misses you. Something hits you but does no damage.
The searing ray hits something.
Something hits you but does no damage.
Without enough magic to sustain it, your searing ray dissipates.
You hear some strange, mumbled words.
A magic dart appears from out of thin air!
The magic dart hits you!
* * * LOW HITPOINT WARNING * * *
A magic dart appears from out of thin air!
The magic dart hits you.
You die...

#.#.# #.#.# #.#.#
#.#.# #.#.# #.#.#
############)#.#
###............#.#
.....###########@#
###..# ###.# #..#
#.{.# #..## #.###
#...# #. #...# #)
#)..# #) #..## #.
#..# #.


There were no monsters in sight!

Vanquished Creatures
  A worm (D:2)
  A dart slug (D:3)
  8 orcs (D:3)
  4 ball pythons
  3 endoplasms
  3 giant cockroaches
  7 goblins
  2 hobgoblins
  7 kobolds
  3 quokkas
  6 bats
  2 frilled lizards (D:2)
  5 rats
52 creatures vanquished.

Notes
Turn   | Place    | Note
-------+----------+-------------------------------------------
     0 | D:1      | ChaosChampion the Deep Elf Conjurer began the quest for the
                  | Orb.
     0 | D:1      | Reached XP level 1. HP: 10/10 MP: 6/6
   330 | D:1      | Reached XP level 2. HP: 15/15 MP: 5/8
   585 | D:1      | Found a faded altar of an unknown god.
  1070 | D:2      | Learned a level 2 spell: Searing Ray
  1234 | D:2      | Found an iron altar of Okawaru.
  1585 | D:2      | Reached XP level 3. HP: 19/19 MP: 4/10
  2375 | D:3      | Reached skill level 5 in Spellcasting
  2383 | D:3      | Reached skill level 5 in Conjurations
  2688 | D:3      | Reached XP level 4. HP: 24/24 MP: 2/13
  2702 | D:3      | Killed from afar by an orc wizard

Illustrated notes

Levels and vault maps discovered:
D:1:      co_arrival_hall_of_pillars, layout_basic,
          shapermc_ecumenical_altar_flowoftime
D:2:      minmay_wonky_spiral, layout_loops_ring, basic_altar, kennysheep_donut,
          dk_vineyard_3, st_stairs_7
D:3:      layout_loops_ring, serial_park_tiny_pond

Skill      XL: |  1  2  3 |
---------------+----------+-----
Spellcasting   | 4 5 |  5.2
Conjurations   | 5 |  5.0
Dodging        | |  2.4
Stealth        | |  2.4

Action                   |  1- 3 |  4- 6 || total
-------------------------+-------+-------++-------
Melee: Staff             |       |     4 ||     4
 Cast: Magic Dart        |    83 |       ||    83
       Searing Ray       |     4 |     1 ||     5
Armor: Robe              |     2 |     3 ||     5
Dodge: Dodged            |       |     1 ||     1

Table legend: (Time is in decaauts)
 A = Elapsed time spent in this place.
 B = Non-inter-level travel time spent in this place.
 C = Inter-level travel time spent in this place.
 D = Time resting spent in this place.
 E = Time spent auto-exploring this place.
 F = Levels seen in this place.
 G = Mean time per level.
                   A        B        C        D        E       F      G
               +--------+--------+--------+--------+--------+-----+--------+
         Total |   2701 |   2639 |     62 |      0 |   2411 |   3 |  900.3 |
       Dungeon |   2701 |   2639 |     62 |      0 |   2411 |   3 |  900.3 |
               +--------+--------+--------+--------+--------+-----+--------+

Top non-repeatable levels by time:
     D:1: 1028 daAuts
     D:2: 860 daAuts
     D:3: 813 daAuts
